Unix NetHack Version 5.0.0-0 post-release - last build Jun 10 2026 00:39:30 (3ee93aec679c4c4259841fe613dc97188e26a321,branch:main).

Game began 2026-06-19 02:13:58, ended 2026-06-21 23:58:09.

Daltwisney, chaotic female elven Wizard

    -------                                             ##
    |.....|             ---------------------------------#   ----------
    |......#         ###|....|..|..|....|..|..|..|......-####.........|
    |.....|#           #.....|..|..-....-..|..|..|......|#   |.).....<|
    -----.-#           #|....--|----....-----%--|-......|## #-........|
       #####           #|.............)...%.a%%..%*.....|## #-----.----
         ##        #####|.--|----|--..)[.(.-|-----|--...|####     ###
          ##    ####  ##|.|..|..|..|......{|[f%d|.@.|.[.|##[#       #
           ##   #      #..|..|..|..|.......|.o@f|...|...|#[)###     #
     -------.---#      #|.----|-----.......|oe[s|.*)|...|########
     |...>.....|#      #|.............{....|..@%|...|...)#    #
     |..........########|.--------.------.----------|[..|#    #
     |.........|       #|.|.%+!|..)|(((.|.|....|(((@-[..|#
     -----------       #|.|.!!.|...|/.(@-.|(...|(((.|...|#
                       #|.-@.+[|...|!((.|.-....|((..|...|
                        |.---------------.-----------...|
                        |................(..............|
                        ---------------------------------

Daltwisney the Thaumaturge  St:12 Dx:14 Co:15 In:20 Wi:15 Ch:11  Chaotic
Dlvl:6  $:405 HP:0(78) Pw:16(91) AC:0  Xp:9 T:15590  Blind

Latest messages:
 You see here a +0 pair of elven boots.
 You see here a scroll of create monster.
 Z - a scroll of create monster.
 You experience a sense of peace.
 You see here a +0 pair of elven boots.
 What do you want to read? [afZ or ?*] Z
 As you read the scroll, it disappears.
 A spotted jelly suddenly appears next to you!
 A jaguar suddenly appears next to you!
 A fog cloud suddenly appears next to you!
 A hill orc suddenly appears next to you!
 A hill orc suddenly appears close by!
 A hill orc suddenly appears next to you!
 A little dog suddenly appears next to you!
 A kitten suddenly appears next to you!
 A floating eye suddenly appears next to you!
 A giant beetle suddenly appears close by!
 An elf zombie suddenly appears close by!
 A gold golem suddenly appears close by!
 A giant spider suddenly appears close by!
 A brown pudding suddenly appears close by!
 A dwarf mummy suddenly appears close by!
 In what direction? 3
 You kill the spotted jelly!
 The magic missile bounces!
 The magic missile bounces!
 The magic missile hits it!
 Anhur roars:  "Thou dost profane my shrine!"
 The bolt of lightning hits you!
 Your wand of digging breaks apart and explodes!
 Your wand of sleep breaks apart and explodes!
 Your wand of light breaks apart and explodes!
 You are blinded by the flash!
 The bolt of lightning hits you!
 You hear some noises.
 The kitten bites!
 The little dog bites!
 The jaguar hits!
 The jaguar hits again!
 The jaguar misses!
 The priestess of Anhur casts a spell!
 The giant spider misses!
 The kitten misses!
 The little dog bites!
 You die...
 Do you want your possessions identified? [ynq] (y) y
 Do you want to see your attributes? [ynq] (y) y
 Do you want an account of creatures vanquished? [ynaq] (y) y
 Do you want to see your conduct and achievements? [ynq] (y) y
 Do you want to see the dungeon overview? [ynq] (y) y

Inventory:
 Coins    ('$')
  $ - 405 gold pieces
 Weapons  (')')
  K - 3 blessed +1 darts
  I - a blessed +0 dart
  H - 45 +0 darts
  C - 3 cursed +0 darts
  c - a +0 elven dagger
  E - a rustproof +2 aklys (tethered to right hand)
 Armor    ('[')
  u - a blessed +0 dwarvish iron helm (being worn)
  s - an uncursed +2 pair of high boots (being worn)
  b - an uncursed +0 cloak of magic resistance (being worn)
  i - an uncursed +1 mummy wrapping
  P - an uncursed +0 studded leather armor (being worn)
 Comestibles  ('%')
  N - 2 uncursed carrots
  h - an uncursed fortune cookie
  z - 3 uncursed tripe rations
  m - an uncursed egg
  V - an uncursed lichen corpse
 Scrolls  ('?')
  a - an uncursed scroll of charging
 Spellbooks  ('+')
  f - an uncursed spellbook of knock
 Potions  ('!')
  O - a blessed potion of confusion
 Rings    ('=')
  k - an uncursed +1 ring of gain constitution (on left hand)
  d - an uncursed +1 ring of gain strength (on right hand)
  L - an uncursed ring of searching
  v - an uncursed ring of see invisible
  g - an uncursed ring of teleport control
  e - an uncursed ring of teleportation
 Wands    ('/')
  w - a wand of digging (0:4)
  F - a wand of enlightenment (0:8)
  r - a wand of speed monster (0:2)
  J - a wand of striking (0:6)
  W - a wand of striking (0:1)
 Tools    ('(')
  M - a bag of tricks (0:9)
  D - a drum of earthquake (0:8)
  o - an uncursed leather drum
  G - an uncursed lock pick
  x - a cursed magic lamp
  j - a magic marker (0:30)
  n - a magic marker (0:8)
  l - a cursed skeleton key
  B - a blessed +0 unicorn horn
 Gems/Stones  ('*')
  Y - 2 uncursed amethyst stones
  T - 2 uncursed diamonds
  Q - 2 uncursed emeralds
  U - an uncursed ruby
  t - 2 uncursed worthless pieces of blue glass
  R - an uncursed worthless piece of violet glass
  X - an uncursed luckstone

Daltwisney the Wizard's attributes:

Background:
 You were a Thaumaturge, a level 9 female elven Wizard.
 You were chaotic, on a mission for Anhur
 who was opposed by Ptah (lawful) and Thoth (neutral).
 You were right-handed.
 You were in the Gnomish Mines, on level 6.
 You entered the dungeon 15590 turns ago.
 It was nighttime.
 You had 4279 experience points, 841 more were needed to attain level 10.

Basics:
 You had 0 out of 78 hit points.
 You had 16 out of 91 energy points (spell power).
 Your armor class was 0.
 Your wallet contained 405 zorkmids.
 Autopickup was off.

Final Characteristics:
 Your strength was 12 (base:11, limit:18).
 Your dexterity was 14 (limit:18).
 Your constitution was 15 (base:14, peak:16, limit:16).
 Your intelligence was 20 (limit:20).
 Your wisdom was 15 (limit:20).
 Your charisma was 11 (limit:18).

Final Status:
 You were temporarily blind.
 You weren't hungry.
 You were unencumbered.
 You were wielding a club.
 You were skilled in club.

Final Attributes:
 You were piously aligned.
 You were magic-protected.
 You were cold resistant.
 You were sleep resistant.
 You were poison resistant.
 You were telepathic.
 You had infravision.
 You were warded.
 You were lucky.
 You had extra luck.
 Bad luck did not time out for you.
 Good luck did not time out for you.
 Anhur was angry with you.
 You are dead (3rd time!).

Miscellaneous:
 You didn't encounter any bones levels.
 Total elapsed playing time was 8 hours, 23 minutes and 4 seconds.

Major events:
 Turn
    1: Daltwisney the chaotic female elven Wizard entered the dungeon
  644: attained the rank of Conjurer (level 3)
  779: entered the Gnomish Mines
 1700: reached Mine Town
 1759: attained the rank of Thaumaturge (level 6)
 7520: acquired the Mines' End luckstone
11024: entered Sokoban
11243: averted death (killed by a winter wolf cub)
11551: completed 1st Sokoban level
12685: completed 2nd Sokoban level
12737: averted death (petrified by a chickatrice)
13402: completed 3rd Sokoban level
14269: completed 4th Sokoban level
15590: killed by a little dog

Spells:
 Name                 Level Category     Fail Retention
 force bolt             1   attack         0%   23%-24%
 light                  1   divination     0%    1%-25%
 cancellation           7   matter       100%    1%-25%
 magic missile          2   attack         0%   29%-30%
 knock                  1   matter         0%   51%-75%
 create monster         2   clerical       0%   51%-75%

Skills:
 Fighting Skills
   bare handed combat [Unskilled]
   riding             [Unskilled]
 Weapon Skills
   dagger             [Unskilled]
   knife              [Unskilled]
   axe                [Unskilled]
   short sword        [Unskilled]
   club               [Skilled]
   mace               [Unskilled]
   quarterstaff       [Basic]
   polearms           [Unskilled]
   spear              [Unskilled]
   trident            [Unskilled]
   sling              [Unskilled]
   dart               [Basic]
   shuriken           [Unskilled]
 Spellcasting Skills
   attack spells      [Expert]
   healing spells     [Unskilled]
   divination spells  [Unskilled]
   enchantment spells [Basic]
   clerical spells    [Unskilled]
   escape spells      [Unskilled]
   matter spells      [Unskilled]

Voluntary challenges:
 Character rerolling was not enabled.
 You never genocided any monsters.
 You never changed form.
 You used no wishes.
 You violated the special Sokoban rules once.
Achievements:
 You entered a shop.
 You attained the rank of Conjurer.
 You entered the Gnomish Mines.
 You entered Minetown.
 You entered a temple.
 You attained the rank of Thaumaturge.
 You completed the Gnomish Mines.
 You entered Sokoban.

 The Dungeons of Doom: levels 1 to 6
    Level 1:
       A fountain.
    Level 2:
       An armor shop.
       Stairs down to The Gnomish Mines.
    Level 3:
    Level 4:
       A general store, a fountain.
    Level 5:
       Many fountains.
       Oracle of Delphi.
    Level 6:
       An armor shop, a fountain.
       Stairs up to Sokoban, level 5.
 The Gnomish Mines: levels 3 to 11
    Level 3:
    Level 4:
    Level 5:
    Level 6: <- You were here.
       Many shops, a temple and an altar to Anhur, some fountains.
       Final resting place for
          you, killed by a little dog.
    Level 7:
    Level 8:
    Level 9:
    Level 10:
    Level 11:
 Sokoban: levels 5 up to 2
    Level 2:
       Solved.
    Level 3:
       Solved.
    Level 4:
       Solved.
    Level 5:
       Solved.


Vanquished creatures:
  a watch captain
  2 giant mimics
  a fire giant
  a large mimic
  a wumpus
  5 wargs
  4 small mimics
 an ettin mummy
  a pyrolisk
  a freezing sphere
  3 dwarf rulers
  3 tengu
 an ochre jelly
  a leocrotta
  2 stone giants
  a red naga
  2 pit vipers
  2 wraiths
 an ettin zombie
  a leather golem
  a Grey-elf
  4 watchmen
  a chameleon
  2 giant beetles
  a quivering blob
  2 cockatrices
  2 winter wolf cubs
  a lynx
  a panther
  a gremlin
  a spotted jelly
  2 iron piercers
  3 mumakil
  a giant spider
  a horse
  a vampire bat
  2 gnome rulers
  3 orc mummies
  a dwarf mummy
 an ogre
  a brown pudding
  2 rust monsters
  6 owlbears
  3 yetis
  a werewolf
  a Green-elf
  7 lizards
  2 chickatrices
  a dingo
  a dog
  a housecat
  a dwarf leader
  a blue jelly
  3 white unicorns
  2 dust vortices
  a gnome mummy
  2 snakes
  9 apes
  8 human zombies
  a rope golem
  a Woodland-elf
  2 soldier ants
  3 fire ants
  3 wood nymphs
  3 water nymphs
  2 mountain nymphs
  6 Mordor orcs
  3 Uruk-hai
  2 orc shamans
  a rock piercer
  a rock mole
  4 ponies
  9 yellow lights
  2 shriekers
 20 gnome leaders
  6 gnomish wizards
  a kobold mummy
  a black naga hatchling
  2 gray oozes
  a ghoul
  a straw golem
  3 giant ants
  4 floating eyes
 19 dwarves
  2 homunculi
  a hill orc
 22 rothes
  a rabid rat
  2 centipedes
  2 giant bats
  2 orc zombies
  5 dwarf zombies
  2 werejackals
 10 iguanas
 12 killer bees
  5 acid blobs
  2 coyotes
  4 gas spores
  6 hobbits
  3 hobgoblins
  5 giant rats
  2 cave spiders
  a brown mold
  a yellow mold
  a green mold
  2 red molds
 73 gnomes
  7 garter snakes
 10 geckos
 12 jackals
  2 kobolds
  4 goblins
  5 sewer rats
  8 grid bugs
 10 bats
  9 lichens
  2 kobold zombies
  6 newts
462 creatures vanquished.

No species were genocided or became extinct.

Game over:
                       ----------
                      /          \
                     /    REST    \
                    /      IN      \
                   /     PEACE      \
                  /                  \
                  |    Daltwisney    |
                  |      405 Au      |
                  |   killed by a    |
                  |    little dog    |
                  |                  |
                  |                  |
                  |       2026       |
                 *|     *  *  *      | *
        _________)/\\_//(\/(/\)/\//\/|_)_______

Goodbye Daltwisney the Wizard...

You died in The Gnomish Mines on dungeon level 6 with 32857 points,
and 405 pieces of gold, after 15590 moves.
You were level 9 with a maximum of 78 hit points when you died.

